Map: Ever Dream LE

Players

AfreecaDRG (DRG) - Winner!

  • Race: Zerg Zerg
  • Spawn Location: 7:00

INnoVation

  • Race: Terran Terran
  • League: Grandmaster
  • Spawn Location: 1:00

Event: War Chest Team League

VOD

Have the link to the VOD?

Description

Time

  • Played on: Aug. 2, 2020, 8:46 a.m.
  • Length: 15:04

All games in this series

Show
View Real Time Build Order
Export as new Build Order

AfreecaDRG Zerg - Winner!

Build Orders: Hatch First, Muta Ling Bane 

Get SALT Encoding   

  12  0:00  Drone  
  13  0:12  Overlord  
  13  0:16  Drone  
  14  0:30  Drone x2  
  16  0:47  Hatchery  
  15  0:50  Drone  
  15  0:54  Drone  
  17  0:58  Drone  
  18  1:07  Extractor  
  17  1:14  Spawning Pool  
  17  1:18  Drone  
  17  1:20  Drone  
  18  1:28  Drone  
  19  1:38  Drone  
  20  1:49  Overlord  
  20  2:00  Queen x2  
  20  2:01  Zergling x4  
  26  2:10  Drone x2  
  28  2:15  Metabolic Boost  
  28  2:20  Drone  
  28  2:22  Drone  
  30  2:30  Spore Crawler  
  30  2:31  Drone  
  30  2:32  Drone  
  32  2:42  Hatchery  
  31  2:47  Queen  
  33  2:52  Overlord  
  33  2:56  Drone  
  33  2:58  Drone  
  35  2:59  Drone  
  36  3:06  Overlord  
  36  3:11  Drone x2  
  36  3:12  Drone x2  
  40  3:15  Drone  
  41  3:23  Queen, Drone  
  44  3:27  Overlord  
  44  3:33  Drone  
  45  3:35  Queen  
  45  3:38  Overlord  
  47  3:48  Drone x2  
  49  3:50  Drone x2  
  49  3:51  Zergling x2  
  49  3:54  Queen  
  54  3:55  Overlord  
  54  3:56  Drone  
  54  3:59  Drone x2  
  57  4:04  Queen  
  57  4:06  Drone  
  57  4:09  Drone x2  
  62  4:10  Drone  
  62  4:12  Drone  
  62  4:15  Drone x2  
  66  4:19  Extractor  
  66  4:24  Drone x2, Evolution Chamber x2  
  65  4:25  Drone  
  65  4:28  Drone x2  
  68  4:33  Drone  
  68  4:35  Overlord  
  68  4:38  Zergling x8  
  73  4:45  Drone  
  74  4:48  Overlord x2  
  74  4:51  Zerg Melee Weapons Level 1  
  74  4:55  Zerg Ground Armor Level 1, Spore Crawler  
  74  4:58  Spore Crawler  
  72  5:00  Drone  
  72  5:01  Drone x3  
  72  5:03  Drone x2  
  72  5:06  Drone x3  
  81  5:09  Drone  
  81  5:12  Lair  
  82  5:15  Drone x2  
  82  5:18  Drone  
  82  5:19  Drone x4  
  82  5:20  Extractor  
  88  5:22  Drone x2  
  88  5:25  Extractor  
  88  5:26  Baneling Nest, Drone x2  
  88  5:27  Extractor x2  
  88  5:31  Overlord  
  88  5:33  Drone  
  88  5:37  Overlord  
  88  5:40  Zergling x6  
  91  5:45  Zergling x2  
  92  5:52  Zergling x14  
  99  5:57  Hatchery  
  99  5:58  Zergling x4  
  99  6:03  Overlord  
  100  6:06  Zergling x2  
  100  6:09  Zergling x6  
  104  6:12  Centrifical Hooks  
  104  6:15  Spire  
  104  6:17  Baneling x8  
  104  6:18  Zergling x6  
  106  6:22  Zergling x2  
  106  6:23  Zergling x4  
  109  6:28  Zergling x10  
  109  6:32  Zergling x2  
  115  6:36  Overlord  
  115  6:44  Zergling x4  
  115  6:46  Zerg Melee Weapons Level 2  
  115  6:50  Overlord  
  115  6:52  Zerg Ground Armor Level 2  
  115  6:54  Zergling x4  
  115  6:59  Zergling x8  
  118  7:03  Zergling x12  
  118  7:07  Baneling x6  
  124  7:09  Zergling x6  
  124  7:13  Zergling x2  
  128  7:16  Zergling x2  
  127  7:24  Zergling x4  
  127  7:28  Baneling x3  
  127  7:29  Zergling x8  
  120  7:32  Zergling x10  
  113  7:43  Mutalisk x7  
  114  7:45  Drone x4  
  114  7:50  Zerg Flyer Weapons Level 1  
  114  7:51  Pneumatized Carapace  
  118  7:55  Drone x6  
  123  7:59  Baneling x5  
  123  8:02  Zergling x2  
  121  8:05  Zergling x2  
  121  8:06  Zergling x4  
  121  8:09  Extractor  
  121  8:11  Mutalisk  
  125  8:14  Mutalisk x2  
  125  8:16  Overlord x2  
  129  8:20  Drone x3  
  129  8:21  Zergling x2  
  129  8:22  Zergling x4  
  129  8:25  Mutalisk  
  129  8:26  Mutalisk  
  137  8:28  Hatchery  
  137  8:30  Zergling x8  
  142  8:42  Zergling x18  
  142  8:45  Baneling x9  
  151  8:51  Infestation Pit  
  151  8:52  Overlord x3, Overseer x2  
  150  8:56  Mutalisk  
  151  9:03  Drone x2  
  151  9:04  Drone x6  
  151  9:06  Overlord x2  
  159  9:10  Overlord  
  159  9:16  Drone x7  
  166  9:20  Queen  
  166  9:23  Zergling x12  
  174  9:27  Hive  
  174  9:30  Baneling x6  
  174  9:36  Mutalisk x3  
  174  9:38  Mutalisk  
  182  9:41  Zergling x2  
  182  9:42  Zergling x8  
  182  9:44  Baneling x5  
  187  9:49  Zergling x4  
  187  9:50  Zergling x8  
  179  10:08  Zergling x4, Hatchery  
  179  10:09  Zergling x16  
  165  10:17  Mutalisk x7  
  165  10:19  Zergling x8  
  170  10:23  Zergling x6  
  170  10:26  Zergling x10  
  178  10:34  Zerg Flyer Weapons Level 2  
  178  10:36  Zergling x10  
  178  10:38  Spore Crawler  
  178  10:40  Adrenal Glands  
  178  10:42  Drone x2  
  184  10:54  Zergling x14, Ultralisk Cavern  
  186  11:01  Baneling x8  
  186  11:08  Zergling x2  
  186  11:09  Zergling x24  
  186  11:11  Extractor, Spore Crawler  
  197  11:12  Overlord, Overseer  
  197  11:13  Zergling x4  
  197  11:15  Baneling  
  197  11:16  Baneling x9  
  199  11:20  Zergling x2  
  200  11:29  Zerg Ground Armor Level 3  
  199  11:39  Extractor  
  198  11:40  Zerg Melee Weapons Level 3  
  198  11:41  Spore Crawler  
  197  11:48  Zergling x4  
  197  11:50  Hatchery  
  197  11:51  Chitinous Plating  
  195  12:07  Zergling x8  
  199  12:22  Hatchery  
  198  12:25  Baneling  
  198  12:26  Baneling x14  
  198  12:31  Zergling x2  
  199  12:45  Overseer x2  
  151  13:08  Ultralisk x3  
  151  13:09  Zergling x24  
  151  13:10  Zergling x48, Anabolic Synthesis  
  151  13:12  Zergling x18  
  195  13:25  Unknown  
  195  13:26  Zergling x12  
  200  13:30  Baneling x15  
  200  13:31  Baneling x22  
  198  13:36  Zergling x4  
  200  13:43  Baneling x14  
  200  13:46  Overseer  
  200  13:47  Zergling x2  
  200  13:48  Zergling x2  
  200  14:06  Overseer  
  174  14:30  Zergling x48  
  184  14:37  Zergling x26  
  188  14:46  Zergling x24  
Show
View Real Time Build Order
Export as new Build Order

INnoVation Terran 

Build Orders: Reaper Expand 

Get SALT Encoding   

  12  0:00  SCV  
  13  0:12  SCV  
  14  0:17  Supply Depot  
  14  0:24  SCV  
  15  0:38  SCV  
  15  0:39  Barracks  
  16  0:43  Refinery  
  16  0:50  SCV  
  17  1:02  SCV  
  18  1:15  SCV  
  19  1:26  Reaper  
  19  1:27  Orbital Command  
  20  1:39  Command Center  
  20  1:50  Supply Depot  
  20  1:53  SCV  
  21  1:58  Marine  
  22  2:05  SCV  
  23  2:13  Factory  
  23  2:17  SCV  
  23  2:19  Barracks Reactor  
  24  2:29  SCV  
  25  2:39  Command Center  
  25  2:41  SCV  
  26  2:51  Orbital Command  
  26  2:58  Starport  
  26  3:03  SCV  
  26  3:04  Refinery  
  27  3:08  Hellion  
  27  3:11  Hellion  
  31  3:15  SCV  
  31  3:17  SCV  
  31  3:18  Barracks Tech Lab  
  33  3:28  SCV  
  33  3:29  SCV  
  33  3:31  Hellion  
  33  3:33  Hellion  
  39  3:36  Viking  
  39  3:40  SCV  
  42  3:41  SCV  
  43  3:51  Orbital Command  
  43  3:53  Stimpack, SCV x2  
  45  4:05  Barracks  
  45  4:06  Starport Reactor, Factory Tech Lab, SCV x2  
  47  4:11  Barracks  
  47  4:17  Marine  
  47  4:18  SCV x2  
  47  4:19  SCV  
  51  4:25  Supply Depot  
  51  4:29  Orbital Command  
  51  4:31  Engineering Bay x2, SCV x2  
  53  4:35  Marine  
  53  4:42  Refinery  
  53  4:43  SCV x2  
  53  4:45  Refinery  
  55  4:51  Supply Depot  
  55  4:52  Starport Reactor, Marine  
  55  4:55  SCV x2  
  55  4:58  Terran Infantry Armor Level 1, Terran Infantry Weapons Level 1  
  58  5:03  SCV  
  59  5:07  SCV x2  
  59  5:08  Marine x2  
  59  5:09  Marine x2  
  59  5:10  Marine  
  66  5:14  Supply Depot  
  66  5:15  SCV  
  66  5:19  SCV x2  
  69  5:23  Supply Depot  
  69  5:26  Marine x2  
  72  5:28  SCV  
  72  5:29  Medivac x2  
  72  5:31  SCV  
  77  5:35  Siege Tank, SCV  
  77  5:37  Supply Depot  
  77  5:39  Combat Shield  
  77  5:41  Supply Depot  
  77  5:42  Marine x2  
  83  5:43  Marine  
  83  5:44  Marine x2  
  83  5:48  SCV  
  83  5:49  Supply Depot, SCV x2  
  89  5:57  Barracks  
  89  5:58  Barracks  
  89  6:02  SCV x3  
  92  6:04  Supply Depot  
  92  6:09  Marine x5  
  97  6:12  Armory  
  97  6:16  SCV x2  
  97  6:17  SCV  
  100  6:18  Refinery  
  100  6:19  Refinery  
  100  6:20  Siege Tank  
  103  6:27  Marine x3  
  103  6:28  Marine x2  
  103  6:29  Supply Depot  
  108  6:33  SCV x3  
  108  6:35  Medivac x2  
  115  6:45  SCV x3  
  115  6:46  Barracks Reactor x2  
  116  6:56  Marine x5  
  116  6:57  Command Center  
  116  7:00  Terran Infantry Weapons Level 2  
  120  7:02  Terran Infantry Armor Level 2  
  120  7:08  Siege Tank  
  123  7:14  Marine x3, Terran Vehicle Weapons Level 1  
  123  7:15  Marine x2  
  128  7:20  Missile Turret  
  128  7:24  Marine x4  
  128  7:29  SCV x3  
  119  7:32  Marine  
  119  7:34  Medivac x2  
  115  7:40  Marine x4  
  115  7:41  SCV x2  
  115  7:42  Marine x4, SCV  
  115  7:45  Siege Tank  
  118  7:53  Factory, SCV x2  
  118  7:54  SCV  
  121  8:02  Marine  
  120  8:05  SCV  
  120  8:06  SCV x2  
  120  8:11  Medivac x2  
  120  8:12  Supply Depot  
  127  8:13  Marine  
  127  8:14  Sensor Tower, Marine x4  
  127  8:18  SCV x3  
  135  8:20  Missile Turret  
  135  8:21  Siege Tank  
  138  8:30  Planetary Fortress, SCV x3  
  138  8:33  Marine  
  138  8:34  Marine x5  
  146  8:37  Missile Turret  
  146  8:39  Factory Tech Lab  
  147  8:43  SCV x2  
  147  8:44  SCV  
  150  8:49  Sensor Tower, Medivac  
  150  8:50  Medivac  
  154  9:00  Supply Depot x2  
  154  9:02  Supply Depot  
  154  9:07  Barracks  
  154  9:08  Barracks  
  154  9:09  Barracks  
  154  9:15  Marine x2  
  156  9:19  Terran Infantry Weapons Level 3  
  156  9:20  Marine  
  156  9:21  Siege Tank, Thor, Marine x4, SCV x2, Refinery  
  156  9:22  Refinery, SCV  
  172  9:24  Supply Depot  
  172  9:27  Terran Infantry Armor Level 3  
  172  9:33  Marine  
  172  9:34  Marauder, Marine x2  
  172  9:35  Concussive Shells  
  172  9:38  Marine  
  178  9:39  Marine  
  178  9:43  Supply Depot  
  178  9:44  Sensor Tower  
  178  9:45  Supply Depot  
  179  9:46  Supply Depot  
  179  9:57  Command Center  
  179  9:59  Siege Tank  
  182  10:00  Marauder, Barracks Tech Lab x2, Marine x4  
  182  10:04  Siege Tank  
  176  10:11  Marine  
  153  10:18  SCV x3  
  153  10:21  Marauder, Medivac x2  
  151  10:23  SCV  
  154  10:30  Barracks Tech Lab, SCV x2  
  154  10:33  Marauder, Marine x9  
  166  10:38  Thor  
  172  10:43  Missile Turret  
  172  10:47  SCV x3  
  172  10:58  SCV  
  172  10:59  SCV x2  
  173  11:06  Siege Tank  
  176  11:12  SCV x3  
  176  11:13  SCV  
  176  11:17  Supply Depot  
  176  11:18  Supply Depot x2  
  180  11:19  Medivac x2  
  180  11:24  Marauder x2, Marine x3  
  195  11:27  Marine x4, Terran Vehicle Weapons Level 2  
  195  11:31  Ghost Academy  
  195  11:32  Marine  
  195  11:39  SCV x4  
  199  11:45  Planetary Fortress  
  199  11:51  SCV  
  200  11:55  Missile Turret  
  200  12:04  Hi-Sec Auto Tracking, Neosteel Armor  
  200  12:05  Personal Cloaking  
  199  12:08  Drilling Claws  
  199  12:14  Factory  
  199  12:18  Command Center  
  199  12:19  Missile Turret  
  199  12:25  Sensor Tower  
  199  12:26  SCV  
  199  12:28  Unknown  
  200  12:38  Missile Turret x3  
  200  12:40  Missile Turret x2  
  184  12:51  Widow Mine x2  
  188  13:03  Marine x6  
  183  13:11  Factory Reactor  
  183  13:12  Command Center  
  170  13:15  Siege Tank  
  170  13:16  Siege Tank  
  170  13:18  Unknown x4  
  184  13:21  Marauder x2, Marine  
  184  13:22  Marauder x2, Marine x7  
  192  13:32  SCV x4  
  196  13:34  Sensor Tower  
  196  13:42  Missile Turret  
  196  13:50  Siege Tank  
  199  13:55  Planetary Fortress  
  199  13:58  Missile Turret  
  199  14:01  Missile Turret  
  199  14:02  Command Center  
  199  14:05  SCV  
  200  14:19  Command Center  
  169  14:28  Siege Tank x2  
  169  14:30  Marauder x4, Marine x2, Widow Mine x2  
  144  14:34  Marine x3  
Tags
 
Add a new tag
Caveats
  • Supply blocks, unpowered buildings, or Contaminate may cause inaccurate times.
  • Supply counts are checked every 10 seconds.